 Dungeon Crawl Stone Soup version 0.30-a0-939-gc8157cb160 (webtiles) character file.

Game seed: 417598946375581597

409 Aequonox the Sneak (level 6, 0/28 HPs)
             Began as a Vine Stalker Enchanter on Mar 25, 2023.
             Succumbed to a water moccasin's poison
             ... on level 4 of the Dungeon.
             The game lasted 00:08:46 (3045 turns).

Aequonox the Sneak (Vine Stalker Enchanter)         Turns: 3045, Time: 00:08:47

Health: 0/28       AC:  3    Str: 10    XL:     6   Next: 89%
Magic:  6/12       EV: 14    Int: 15    God:
Gold:   68         SH:  0    Dex: 23    Spells: 12/12 levels left

rFire   . . .      SeeInvis .    a - +1 dagger
rCold   . . .      Faith    .    (no shield)
rNeg    . . .      Spirit   +    B - +1 robe {Will+}
rPois   .          Reflect  .    (no helmet)
rElec   .          Rampage  .    n - scarf {harm}
rCorr   .          Harm     + .  (no gloves)
Will    +....                    (no boots)
Stlth   +++                      (no amulet)
HPRegen 1.04/turn                t - +6 ring of dexterity
MPRegen 0.13/turn                (no ring)

@: lethally poisoned (0 -> -2)
A: fangs 2, regeneration 1, magic shield, antimagic bite, no potion heal 2
a: no special abilities


You were on level 4 of the Dungeon.
You visited 1 branch of the dungeon, and saw 4 of its levels.

You collected 68 gold pieces.

Inventory:

Hand Weapons
 a - a +1 dagger (weapon)
 o - a +1 antimagic short sword
Missiles
 e - 2 silver javelins (quivered)
 u - 6 curare-tipped darts
Armour
 b - a +0 robe
 n - a scarf of harm (worn)
 B - a +1 robe of willpower (worn)
Jewellery
 t - a +6 ring of dexterity (left hand)
 v - an amulet of the acrobat
 x - a ring of fire
Wands
 w - a wand of iceblast (8)
Scrolls
 d - a scroll of immolation {unknown}
 f - 4 scrolls of teleportation {unknown}
 g - 3 scrolls of amnesia {unknown}
 j - 6 scrolls of identify {unknown}
 k - 2 scrolls of magic mapping {unknown}
 m - 2 scrolls of vulnerability {unknown}
 r - a scroll of blinking {unknown}
 s - a scroll of silence {unknown}
 y - a scroll of poison {unknown}
Potions
 c - 2 potions of invisibility
 h - a potion of cancellation {unknown}
 i - a potion of lignification {unknown}
 l - a potion of curing {unknown}
 p - a potion of haste {unknown}
 q - a potion of berserk rage {unknown}
 z - a potion of mutation {unknown}
 A - a potion of brilliance {unknown}


   Skills:
 + Level 2.7 Short Blades
 + Level 2.9 Dodging
 + Level 5.4 Stealth
 + Level 3.7 Spellcasting
 + Level 4.2 Hexes


You had 12 spell levels left.
You didn't know any spells.
Your spell library contained the following spells:

 Spells                   Type           Power      Damage    Failure   Level
 Confusing Touch          Hex            15%        N/A       10%         3
 Tukima's Dance           Hex            15%        N/A       10%         3
 Ensorcelled Hibernation  Hex/Ice        18%        N/A       12%         2
 Dazzling Flash           Conj/Hex       18%        N/A       24%         3
 Scorch                   Fire           4%         2d5       28%         2
 Ozocubu's Armour         Ice            2%         N/A       50%         3
 Flame Wave               Conj/Fire      2%         2d4       88%         4
 Summon Cactus Giant      Summ           1%         N/A       100%        6
 Ozocubu's Refrigeration  Ice            1%         4d7       100%        7


Dungeon Overview and Level Annotations

Branches:
Dungeon (4/15)
 Temple: D:4-7

Altars:

Shops:
D:4 *

Annotations:
D:4 Dowan, Duvessa, Robin, Sigmund


Innate Abilities, Weirdness & Mutations

You have extremely sharp teeth.
Your natural rate of healing is unusually fast.
When hurt, damage is shared between your health and your magic reserves.
Your bite disrupts and absorbs the magic of your enemies.
Potions cannot restore your health.


Message History

You are poisoned.
The water moccasin poisons you!
You miss the water moccasin. You bite the water moccasin! You drain its power.
You feel invigorated.
The water moccasin is moderately wounded.
You feel very sick.
The water moccasin barely misses you. x2
You hit the water moccasin.
The water moccasin is heavily wounded.
You feel sick. The water moccasin closely misses you.
You hit the water moccasin. Your bite misses the water moccasin.
The water moccasin is heavily wounded.
You feel sick.
The water moccasin bites you but does no damage.
You hit the water moccasin.
The water moccasin is heavily wounded.
You feel sick. The water moccasin barely misses you.
You closely miss the water moccasin. Your bite misses the water moccasin.
The water moccasin is heavily wounded.
You feel sick. The water moccasin bites you.
You are more poisoned.
The water moccasin poisons you!
You hit the water moccasin.
The water moccasin is severely wounded.
You feel very sick. The water moccasin closely misses you.
The water moccasin bites you.
* * * LOW HITPOINT WARNING * * *
You hit the water moccasin.
The water moccasin is almost dead.
* * * LOW HITPOINT WARNING * * *
You feel very sick. The water moccasin bites you.
* * * LOW HITPOINT WARNING * * *
You hit the water moccasin. You bite the water moccasin.
You kill the water moccasin!
* * * LOW HITPOINT WARNING * * *
You feel sick.
* * * LOW HITPOINT WARNING * * *
You feel sick.
You die...

.###.....................#######.
#......[......###.......÷......
#...###.).....###.########.†...
#...#.............# ##..###.
#.....#.......##########..## #.
#...######........##.....## #. .#
##.....#.....##### #.
#..##..####### ##
####.###.@.>.###### . #....#
#..........# .. #.####
####.......#
...#####.#########.......#
................##.......#
....###.#######...†(.....#
....###.##########.......#
...##...##...............#
∩..........#######.......#


There were no monsters in sight!

Vanquished Creatures
  A water moccasin (D:4)
  A scorpion (D:4)
  3 hounds
  6 adders
  An ufetubus (D:4)
  4 orcs
  12 ball pythons
  5 bats
  6 endoplasms (D:1)
  5 giant cockroaches
  13 goblins
  8 hobgoblins
  11 jackals
  3 kobolds (D:2)
  5 quokkas
  2 frilled lizards (D:1)
  4 rats
90 creatures vanquished.

Notes
Turn   | Place    | Note
-------+----------+-------------------------------------------
     0 | D:1      | Aequonox the Vine Stalker Enchanter began the quest for the
                  | Orb.
     0 | D:1      | Reached XP level 1. HP: 9/9 MP: 4/4
    23 | D:1      | Reached skill level 1 in Short Blades
    65 | D:1      | Reached XP level 2. HP: 12/13 MP: 4/6
   355 | D:1      | Reached skill level 4 in Stealth
   409 | D:1      | Reached XP level 3. HP: 16/16 MP: 7/7
   975 | D:2      | Gained mutation: Your natural rate of healing is unusually
                  | fast. [Vine Stalker growth]
   975 | D:2      | Reached XP level 4. HP: 21/21 MP: 9/9
  1721 | D:3      | Found a faded altar of an unknown god.
  2145 | D:3      | Reached XP level 5. HP: 24/24 MP: 10/10
  2422 | D:4      | Noticed Robin
  2652 | D:4      | Noticed Sigmund
  2694 | D:3      | Reached skill level 5 in Stealth
  2694 | D:3      | Reached XP level 6. HP: 7/28 MP: 3/12
  2941 | D:4      | Found Gygoimim's Assorted Antiques.
  2962 | D:4      | Noticed Duvessa
  2962 | D:4      | Noticed Dowan
  3021 | D:4      | Noticed a water moccasin
  3043 | D:4      | Killed a water moccasin
  3044 | D:4      | HP: 1/28 [poisoned by a water moccasin]
  3045 | D:4      | Succumbed to a water moccasin's poison

Illustrated notes

Levels and vault maps discovered:
D:1:      nzn_arrival_crosshair, layout_loops_ring, minmay_ruptured
D:2:      layout_basic, serial_corexii_hall, corexii_hall_statues_x,
          corexii_hall_statues_t
D:3:      layout_loops_ring, hellmonk_ecumenical_altar_run_dry,
          grunt_decor_resistance, kennysheep_boxes
D:4:      layout_rooms, grunt_temple_overflow_magic_moments, serial_shops, shop,
          uniq_robin, uniq_duvessa, uniq_sigmund

Skill      XL: |  1  2  3  4  5  6 |
---------------+-------------------+-----
Short Blades   | 1 2 |  2.7
Stealth        | 4 5 |  5.4
Dodging        | 2 |  2.9
Spellcasting   | 3 |  3.7
Hexes          | 4 |  4.2

Action                     |  1- 3 |  4- 6 || total
---------------------------+-------+-------++-------
  Melee: Dagger            |   104 |   202 ||   306
         Bite              |    29 |    53 ||    82
         Punch             |       |     2 ||     2
   Stab: Sleeping          |     4 |     4 ||     8
 Armour: Robe              |    20 |    35 ||    55
  Dodge: Dodged            |    70 |   190 ||   260

Table legend: (Time is in decaauts)
 A = Elapsed time spent in this place.
 B = Non-inter-level travel time spent in this place.
 C = Inter-level travel time spent in this place.
 D = Time resting spent in this place.
 E = Time spent auto-exploring this place.
 F = Levels seen in this place.
 G = Mean time per level.
                   A        B        C        D        E       F      G
               +--------+--------+--------+--------+--------+-----+--------+
         Total |   3019 |   2928 |     91 |      0 |   2042 |   4 |  754.8 |
       Dungeon |   3019 |   2928 |     91 |      0 |   2042 |   4 |  754.8 |
               +--------+--------+--------+--------+--------+-----+--------+

Top non-repeatable levels by time:
     D:1: 904 daAuts
     D:3: 814 daAuts
     D:2: 803 daAuts
     D:4: 497 daAuts
